Cogmind - Beta 9.6 @@@ ROGUE MODE // 2020.04.19 @ 17:00:13 Player: PlasticHeart Result: Self-destructed Performance ------------- Evolutions (3) 1500 Regions Visited (8) 1600 Robots Destroyed (148) 740 Value Destroyed (3123) 3123 Prototype IDs (34) 680 Alien Tech Used (0) 0 Bonus (410) 410 TOTAL SCORE: 8053 Bonus ------- High Alert Combat Kills 88 Follower Combat Kills 39 Aligned with FarCom 300 Friendly Fire -17 Cogmind --------- Core Integrity 626/700 Matter 145/300 Energy 180/180 System Corruption 0% Temperature Cool (0) Movement Hovering (102) Ox1 Location -7/Factory Parts ------- > --- POWER (2) -------- Light Deuterium Engine Light Deuterium Engine > --- PROPULSION (4) --- Aerolev Unit Aerolev Unit Aerolev Unit > --- UTILITY (5) ------ High-capacity Storage Unit Advanced Signal Interpreter Hacking Suite Hacking Suite > --- WEAPON (2) ------- Scythe > --- INVENTORY (12) --- Light Deuterium Engine Improved VTOL Module Improved VTOL Module Improved VTOL Module Flying Fortress v7 Hacking Suite Hacking Suite Improved Datajack Proton Bomb Trap Peak State ------------ > --- POWER ------------ Cooled Ion Engine > --- PROPULSION ------- Potential Leg Potential Leg Wheel Compact Wheel > --- UTILITY ---------- Improved Heat Sink High-capacity Storage Unit High-capacity Storage Unit High-capacity Storage Unit > --- WEAPON ----------- Improved EM Pulse Cannon Improved EM Pulse Cannon > --- INVENTORY -------- Light Deuterium Engine Light Nuclear Core Light Nuclear Core Combat Airjet Combat Airjet Cesium-ion Thruster Flying Fortress v7 Medium Storage Unit Structural Scanner Hacking Suite Hacking Suite Hacking Suite Hacking Suite Supersonic Drone Bay Improved EM Pulse Cannon Improved EM Pulse Cannon Minigun Assault Cannon Improved Datajack Katana Proton Bomb Trap Proton Bomb Trap [Rating: 49] Favorites ----------- Power Cooled Ion Engine Engine Cooled Ion Engine Power Core Light Nuclear Core Propulsion Improved Aluminum Leg Treads Light Treads Leg Improved Aluminum Leg Wheel Wheel Hover Unit Aerolev Unit Flight Unit Improved VTOL Module Utility High-capacity Storage Unit Device Improved Heat Sink Storage High-capacity Storage Unit Processor Advanced Signal Interpreter Hackware Hacking Suite Protection Improved Light Armor Plating Weapon Autogun Energy Gun Improved Medium Laser Energy Cannon Advanced Beam Cannon Ballistic Gun Autogun Ballistic Cannon Assault Cannon Launcher Grenade Launcher Slashing Weapon Scythe Special Melee Weapon Improved Datajack Build | -11 -10 -10 -9 -9 -9 -8 -8 -7 ------- Run | Scr Mat Min Mat Min Exi Min Mat Fac Slots Evolved 6 | . . . 2 . . . 2 2 Power 1 | . . . . . . . . 1 Propulsion 2 | . . . 1 . . . 1 . Utility 3 | . . . 1 . . . 1 1 Weapon . | . . . . . . . . . Parts Attached 129 | 7 12 13 32 6 4 . 45 10 Power 11 | 1 . 2 3 . . . 2 3 Engine 9 | 1 . 2 3 . . . 1 2 Core 2 | . . . . . . . 1 1 Reactor . | . . . . . . . . . Propulsion 48 | 3 3 1 11 6 4 . 20 . Treads 9 | 2 . . . . . . 7 . Leg 19 | 1 3 1 7 . 2 . 5 . Wheel 15 | . . . 4 6 2 . 3 . Hover 4 | . . . . . . . 4 . Flight 1 | . . . . . . . 1 . Utility 20 | 1 5 . 5 . . . 6 3 Device 3 | . 1 . 1 . . . 1 . Storage 13 | 1 4 . 4 . . . 4 . Processor 1 | . . . . . . . . 1 Hackware 2 | . . . . . . . . 2 Protection 1 | . . . . . . . 1 . Artifact . | . . . . . . . . . Weapon 50 | 2 4 10 13 . . . 17 4 Energy Gun 7 | . . . 6 . . . 1 . Energy Cannon 8 | . . 1 3 . . . 4 . Ballistic Gun 16 | 2 3 3 2 . . . 6 . Ballistic Cannon 7 | . . 2 2 . . . 3 . Launcher 8 | . 1 4 . . . . 3 . Special Weapon . | . . . . . . . . . Impact Weapon . | . . . . . . . . . Slashing Weapon 2 | . . . . . . . . 2 Piercing Weapon . | . . . . . . . . . Special Melee Weapon 2 | . . . . . . . . 2 Unidentified Prototypes 7 | . . . 5 . . . 2 . Parts Lost 10 | . . . 3 . . . 6 1 Power 1 | . . . . . . . 1 . Propulsion 6 | . . . 1 . . . 4 1 Utility 1 | . . . . . . . 1 . Weapon 2 | . . . 2 . . . . . Highest Loss Streak 3 | . . . 1 . . . 3 1 Average Slot Usage (%) 98 | . 98 99 99 100 100 100 98 83 Engine 11 | . 14 13 10 11 11 11 9 8 Treads 7 | . 3 . . . . . 18 . Leg 15 | . 24 28 27 . . . 8 . Wheel 8 | . . . 5 33 32 33 8 . Device 3 | . 3 . 9 . . . 3 . Storage 27 | . 23 28 23 33 33 33 31 8 Energy Gun 2 | . . . 10 . . . . . Energy Cannon 3 | . . 1 9 . . . 3 . Ballistic Gun 10 | . 27 5 1 22 22 22 6 . Ballistic Cannon 5 | . . 19 . . . . 6 . Naked Turns . | . . . . . . . . . Heaviest Build 144 | 11 39 49 110 110 110 110 144 44 Greatest Support 80 | 40 40 26 39 30 30 30 80 44 Greatest Overweight (x) 5 | 1 1 2 3 3 3 3 5 1 Average Overweight (x) 1 | . . 1 1 3 3 3 1 . Largest Inventory Capacity 36 | 6 16 16 28 28 28 28 36 32 Average Capacity 22 | 5 12 16 18 28 28 28 31 12 Most Carried 31 | 4 15 16 21 28 28 28 31 22 Average Carried 20 | 2 8 14 17 25 27 28 28 12 Final Capacity 32 | 6 16 16 28 28 28 28 32 12 Final Carried 28 | 3 15 16 21 28 28 28 23 12 Class Distribution -------------------- 57% | Hauler-Mutant 39% | Mutant Dominant Class ---------------- Mutant | -10/Materials Mutant | -10/Mines Mutant | -9/Materials Hauler-Mutant | -9/Mines Hauler-Mutant | -9/Exiles Hauler-Mutant | -8/Mines Hauler-Mutant | -8/Materials Hacker-Mutant | -7/Factory Resources | -11 -10 -10 -9 -9 -9 -8 -8 -7 ----------- Run | Scr Mat Min Mat Min Exi Min Mat Fac Matter Collected 2683 | 242 288 382 367 268 . 54 1082 . Remotely . | . . . . . . . . . Salvage Created 4877 | . 445 270 1795 350 . 58 1959 . Parts 277 | . 39 14 97 32 . 3 92 . Haulers Intercepted 13 | . 2 . 6 . . . 5 . Recyclers Shooed 4 | . 1 . 1 . . . 2 . Parts Field Recycled . | . . . . . . . . . Retrieved Matter . | . . . . . . . . . Parts Self-Destructed . | . . . . . . . . . Prevented . | . . . . . . . . . Kills | -11 -10 -10 -9 -9 -9 -8 -8 -7 ------- Run | Scr Mat Min Mat Min Exi Min Mat Fac Combat Hostiles Destroyed 97 | . 12 15 26 6 . 3 35 . Guns 37 | . 9 1 9 6 . 3 9 . Cannons 38 | . . 7 17 . . . 14 . AOE 20 | . 3 7 . . . . 10 . Classes Destroyed 13 | . 6 1 4 1 . . 1 . Worker 17 | . 2 . 8 5 . . 2 . Builder 3 | . . . 2 . . . 1 . Tunneler 4 | . . . . 4 . . . . Hauler 13 | . 2 . 6 . . . 5 . Recycler 3 | . 1 . 1 . . . 1 . Operator 4 | . . . 2 . . . 2 . Watcher 7 | . 1 . 1 . . . 5 . Swarmer 37 | . 9 3 3 4 . 3 15 . Grunt 34 | . 3 6 14 2 . . 9 . Duelist 2 | . . . 2 . . . . . Sentry 17 | . . . 7 . . . 10 . Hunter 1 | . . . . . . . 1 . Assembled 6 | . . 6 . . . . . . Best Kill Streak 14 | . 5 3 14 4 . 3 7 . Combat Bots Only 7 | . 3 3 7 4 . 3 6 . Max Kills in Single Turn 3 | . 2 2 2 2 . 1 3 . Gunslinging 1 | . . . . 1 . . . . Exploded 3 | . 2 2 . . . . 3 . Melee . | . . . . . . . . . Uniques/NPCs Destroyed . | . . . . . . . . . Combat | -11 -10 -10 -9 -9 -9 -8 -8 -7 -------- Run | Scr Mat Min Mat Min Exi Min Mat Fac Damage Taken 3952 | . 416 338 959 189 . 149 1544 357 Core 658 | . 72 85 136 14 . 24 253 74 Absorbed by Shields . | . . . . . . . . . Core Remaining (%) 61 | 100 . 37 . . . 56 54 . Volleys Fired 347 | . 54 37 105 26 . 6 119 . Largest 2 | . 2 2 2 2 . 2 2 . Hottest 138 | . 40 95 136 46 . 46 138 . Shots Fired 644 | . 104 66 203 52 . 12 207 . Gun 356 | . 100 15 92 52 . 12 85 . Cannon 260 | . . 43 111 . . . 106 . Launcher 28 | . 4 8 . . . . 16 . Special . | . . . . . . . . . Kinetic 364 | . 100 52 3 52 . 12 145 . Thermal 187 | . . 6 181 . . . . . Explosive 12 | . 4 8 . . . . . . Electromagnetic 81 | . . . 19 . . . 62 . Robot Hit Streak 18 | . 13 12 18 11 . 4 17 . Robot Miss Streak 6 | . 4 6 3 4 . 3 3 . Penetration Max 1 | . . 1 . . . . . . Secondary Targets 3 | . 1 . . 2 . . . . Max Gunslinging Chain 1 | . 1 . . 1 . . . . Shots Hit Robots 408 | . 70 36 130 30 . 7 134 1 Core Hits 207 | . 38 22 60 16 . 3 68 . Critical Hits 23 | . . 6 14 1 . . 2 . Critical Kills 12 | . . 4 5 1 . . 2 . Critical Parts Destroyed 11 | . . 2 9 . . . . . Melee Attacks 6 | . . . . . . . . 6 Impact . | . . . . . . . . . Slashing 5 | . . . . . . . . 5 Piercing . | . . . . . . . . . Sneak Attacks 1 | . . . . . . . . 1 Combat Hostiles . | . . . . . . . . . Follow-up Attacks . | . . . . . . . . . Damage Inflicted 8518 | . 788 917 2704 538 . 114 3457 . Guns 3363 | . 538 109 1000 538 . 114 1064 . Cannons 3655 | . . 392 1554 . . . 1709 . Explosions 1500 | . 250 416 150 . . . 684 . Melee . | . . . . . . . . . Ramming . | . . . . . . . . . Kinetic 3607 | . 538 466 39 538 . 114 1912 . Thermal 2488 | . . 35 2343 . . . 110 . Explosive 666 | . 250 416 . . . . . . Electromagnetic 1757 | . . . 322 . . . 1435 . Impact . | . . . . . . . . . Slashing . | . . . . . . . . . Piercing . | . . . . . . . . . Highest Corruption 1 | . . . . . . . 1 . Average Corruption 1 | . . . . . . . 1 . Corruption Purged . | . . . . . . . . . Effects 9 | . . . . . . . 9 . Message Errors 3 | . . . . . . . 3 . Energy Discharges 2 | . . . . . . . 2 . Data Loss (minor) 3 | . . . . . . . 3 . Weapon Failures 1 | . . . . . . . 1 . Overload Shots . | . . . . . . . . . Overflow Damage 125 | . . 15 24 . . . 86 . Projectiles 65 | . . 15 . . . . 50 . Explosions 60 | . . . 24 . . . 36 . Melee . | . . . . . . . . . Knockbacks 5 | . . . . . . . 5 . Impact . | . . . . . . . . . Kinetic 4 | . . . . . . . 4 . Secondary 1 | . . . . . . . 1 . Self-Inflicted Damage 146 | . . 23 73 . . . 50 . Shots 8 | . . 2 3 . . . 3 . Rammed . | . . . . . . . . . Targets Rammed . | . . . . . . . . . Kicked . | . . . . . . . . . Crushed . | . . . . . . . . . Highest Temperature 288 | . 18 180 288 7 . . 147 . Average Temperature 56 | . 8 76 68 7 . . 21 . Received Heat Transfer 1022 | . 72 140 333 9 . . 468 . Siege Activations . | . . . . . . . . . Robots Corrupted 2 | . . . . . . . 2 . Combat Hostiles 2 | . . . . . . . 2 . Parts Fried 11 | . . . . . . . 11 . Impact Corruptions . | . . . . . . . . . Robots Melted . | . . . . . . . . . Combat Hostiles . | . . . . . . . . . Parts Melted 12 | . . . 12 . . . . . Heat Transferred 4542 | . . 74 4368 . . . 100 . Parts Sabotaged . | . . . . . . . . . Parts Stolen . | . . . . . . . . . Parts Stripped . | . . . . . . . . . Power Chain Reactions 7 | . . . 3 . . . 4 . Missiles Intercepted . | . . . . . . . . . Alert | -11 -10 -10 -9 -9 -9 -8 -8 -7 ------- Run | Scr Mat Min Mat Min Exi Min Mat Fac Peak Influence 601 | . 170 165 601 498 . 70 424 124 Average Influence 186 | . 64 69 285 366 . 66 198 81 Maximum Alert Level 2 | . . . 2 2 . . 2 . Low Security (%) 61 | 100 100 100 30 . . 100 57 100 Level 1 31 | . . . 52 72 . . 38 . Level 2 7 | . . . 16 27 . . 3 . Level 3 . | . . . . . . . . . Level 4 . | . . . . . . . . . Level 5 . | . . . . . . . . . High Security . | . . . . . . . . . Max Security . | . . . . . . . . . Squads Dispatched 5 | . . . 1 . . . 3 1 Investigation 2 | . . . . . . . 2 . Extermination . | . . . . . . . . . Reinforcement 3 | . . . 1 . . . 1 1 Assault . | . . . . . . . . . Garrison . | . . . . . . . . . Intercept . | . . . . . . . . . Construction Impeded . | . . . . . . . . . Haulers Reinforced . | . . . . . . . . . Stealth | -11 -10 -10 -9 -9 -9 -8 -8 -7 --------- Run | Scr Mat Min Mat Min Exi Min Mat Fac Distress Signals 9 | . 1 . 5 . . . 3 . Communications Jammed . | . . . . . . . . . Distress Signals . | . . . . . . . . . Times Spotted 155 | . 24 16 43 10 . 4 46 12 Peak Tracking Total 7 | . 4 3 6 4 . 4 5 7 Tactical Retreats 4 | . 1 . 1 . . . . 2 Traps | -11 -10 -10 -9 -9 -9 -8 -8 -7 ------- Run | Scr Mat Min Mat Min Exi Min Mat Fac Traps Triggered 3 | . 1 . . . . . 2 . Indirectly 1 | . . . . . . . 1 . Trap Hack Attempts . | . . . . . . . . . Triggered . | . . . . . . . . . Disarmed . | . . . . . . . . . Reprogrammed . | . . . . . . . . . Reused . | . . . . . . . . . Traps Extracted . | . . . . . . . . . Installed . | . . . . . . . . . Triggered . | . . . . . . . . . Machines | -11 -10 -10 -9 -9 -9 -8 -8 -7 ---------- Run | Scr Mat Min Mat Min Exi Min Mat Fac Machines Disabled 15 | . . 4 3 2 . . 6 . Max in Single Turn 3 | . . 3 1 1 . . 2 . Garrison Access 1 | . . . . . . . 1 . Machines Sabotaged . | . . . . . . . . . Garrisons Compromised . | . . . . . . . . . Overloaded Fab Kills . | . . . . . . . . . Fab Network Shutdowns . | . . . . . . . . . Hacking | -11 -10 -10 -9 -9 -9 -8 -8 -7 --------- Run | Scr Mat Min Mat Min Exi Min Mat Fac Machines Accessed 32 | . 8 2 6 1 2 . 13 . Terminals 26 | . 7 2 6 1 . . 10 . Fabricators . | . . . . . . . . . Repair Stations 1 | . 1 . . . . . . . Recycling Units 1 | . . . . . . . 1 . Scanalyzers 1 | . . . . . . . 1 . Garrison Access 1 | . . . . . . . 1 . Total Hacks 82 | . 22 4 19 1 5 . 31 . Successful 49 | . 16 2 5 1 5 . 20 . Failed 33 | . 6 2 14 . . . 11 . Catastrophic 8 | . 1 . 2 . . . 5 . Database Lockouts . | . . . . . . . . . Manual 29 | . 9 . 9 1 1 . 9 . Terminals 65 | . 20 4 19 1 . . 21 . Fabricators . | . . . . . . . . . Repair Stations 2 | . 2 . . . . . . . Recycling Units 1 | . . . . . . . 1 . Scanalyzers 8 | . . . . . . . 8 . Garrison Access 1 | . . . . . . . 1 . Terminal Hacks 31 | . 8 2 5 . 5 . 11 . Record 4 | . . . . . 4 . . . Part Schematic 1 | . . . . . . . 1 . Prototype ID Bank 2 | . . . 1 . . . 1 . Branch Access Points 1 | . . . 1 . . . . . Terminal Index 1 | . . . . . . . 1 . Alert Level 1 | . . . . . . . 1 . Unreport Threat 4 | . 1 . . . . . 3 . Locate Traps 5 | . 2 . 2 . . . 1 . Patrol Status 1 | . 1 . . . . . . . Transport Status 1 | . 1 . . . . . . . Recall Investigation 1 | . . . . . . . 1 . Hauler Manifests 2 | . 1 . 1 . . . . . Zone Layout 6 | . 2 2 . . . . 2 . EX-Prototype ID Bank 1 | . . . . . 1 . . . Fabricator Hacks . | . . . . . . . . . Repair Station Hacks 2 | . 2 . . . . . . . Scan Component 1 | . 1 . . . . . . . Repair 1 | . 1 . . . . . . . Recycling Unit Hacks 1 | . . . . . . . 1 . Report Inventory 1 | . . . . . . . 1 . Scanalyzer 7 | . . . . . . . 7 . Insert Component 2 | . . . . . . . 2 . Analyze 5 | . . . . . . . 5 . Garrison Access Hacks 1 | . . . . . . . 1 . Seal Access 1 | . . . . . . . 1 . Unauthorized Hacks 7 | . 6 . . 1 . . . . Terminals 7 | . 6 . . 1 . . . . Track 4 | . 3 . . 1 . . . . Botnet 3 | . 3 . . . . . . . Fabricators . | . . . . . . . . . Repair Stations . | . . . . . . . . . Recycling Units . | . . . . . . . . . Scanalyzers . | . . . . . . . . . Garrison Access . | . . . . . . . . . Data Cores Recovered . | . . . . . . . . . Used . | . . . . . . . . . Hacking Detections 23 | . 5 2 6 . . . 10 . Full Trace Events 1 | . . . . . . . 1 . Feedback Events 1 | . . . . . . . 1 . Corruption 1 | . . . . . . . 1 . Feedback Blocked . | . . . . . . . . . Robot Schematics Acquired . | . . . . . . . . . Robots Built . | . . . . . . . . . Matter . | . . . . . . . . . Time . | . . . . . . . . . Total Robot Build Rating . | . . . . . . . . . Part Schematics Acquired 2 | . . . . . . . 2 . Parts Built . | . . . . . . . . . Matter . | . . . . . . . . . Time . | . . . . . . . . . Total Part Build Rating . | . . . . . . . . . Parts Repaired 1 | . 1 . . . . . . . Time 32 | . 32 . . . . . . . Parts Recycled . | . . . . . . . . . Recycled Matter . | . . . . . . . . . Retrieved Matter . | . . . . . . . . . Retrieved Components . | . . . . . . . . . Parts Scanalyzed 2 | . . . . . . . 2 . Part Schematics Acquired 1 | . . . . . . . 1 . Parts Damaged . | . . . . . . . . . Bothacking | -11 -10 -10 -9 -9 -9 -8 -8 -7 ------------ Run | Scr Mat Min Mat Min Exi Min Mat Fac Used RIF Installer . | . . . . . . . . . Robots Hacked 1 | . . . . . . . . 1 Non-combat 1 | . . . . . . . . 1 Combat . | . . . . . . . . . Robot Hacks Applied 1 | . . . . . . . . 1 find_chute 1 | . . . . . . . . 1 Relay Couplers Released 1 | . . . . . . . 1 . Machine Destruction 1 | . . . . . . . 1 . Robots Rewired . | . . . . . . . . . Allies Hacked . | . . . . . . . . . Hacks Repelled . | . . . . . . . . . Allies | -11 -10 -10 -9 -9 -9 -8 -8 -7 -------- Run | Scr Mat Min Mat Min Exi Min Mat Fac Total Allies 2 | . . . . 2 . . . . Largest Group 2 | . . . . 2 1 . . . Highest-Rated Group 45 | . . . . 45 31 . . . Highest-Rated Ally 31 | . . . . 31 31 . . . Total Orders . | . . . . . . . . . Ally Attacks 9 | . . . . 9 . . . . Total Damage 103 | . . . . 103 . . . . Kills 3 | . . . . 3 . . . . Allies Corrupted . | . . . . . . . . . Allies Melted . | . . . . . . . . . Intel | -11 -10 -10 -9 -9 -9 -8 -8 -7 ------- Run | Scr Mat Min Mat Min Exi Min Mat Fac Robot Analysis Total . | . . . . . . . . . Derelict Logs Recovered 4 | . . 2 . 2 . . . . Drone Launches . | . . . . . . . . . Drone Recoveries . | . . . . . . . . . Exploration | -11 -10 -10 -9 -9 -9 -8 -8 -7 ------------- Run | Scr Mat Min Mat Min Exi Min Mat Fac Turns Passed 7923 | 61 1082 1027 1592 668 252 259 2824 158 Spaces Moved 4669 | 35 608 484 759 523 218 222 1502 318 Core 8 | 8 . . . . . . . . Treads 653 | 23 63 . . . . . 567 . Legs 2213 | 4 545 484 589 . 1 . 590 . Wheels 1476 | . . . 170 523 217 222 344 . Hover 319 | . . . . . . . 1 318 Flight . | . . . . . . . . . Fastest Speed 38 | 50 120 150 100 110 110 110 100 38 Average Speed 132 | 133 139 164 142 110 110 110 148 38 Slowest Speed 260 | 160 160 180 180 110 210 110 260 102 Overloaded Moves . | . . . . . . . . . Propulsion Burnouts . | . . . . . . . . . Robots Hopped . | . . . . . . . . . Cave-ins Triggered . | . . . . . . . . . Exploration Rate (%) 63 | 4 90 97 70 91 60 51 96 13 Regions Visited 8 Branch Regions 4 Pre-discovered Areas 3 | . . 1 . 1 1 . . . Known Exits Taken 2 | . . . 1 . . . 1 . Unknown Exits Taken 6 | 1 1 1 . 1 1 1 . . Scrap Searched 3 | . . 2 . 1 . . . . Spaces Dug 4 | . . . . . . . . 4 Terrain Destroyed 116 | . 20 73 8 . . . 11 4 Melee 4 | . . . . . . . . 4 Projectile 18 | . . 15 . . . . 3 . AOE 94 | . 20 58 8 . . . 8 . Actions | -11 -10 -10 -9 -9 -9 -8 -8 -7 --------- Run | Scr Mat Min Mat Min Exi Min Mat Fac Total 5818 | 48 758 648 1075 574 230 227 1906 352 Wait 462 | . 60 100 113 11 . . 178 . Move 4661 | 34 607 483 758 522 217 221 1501 318 Hop . | . . . . . . . . . Pick Up 95 | 7 16 8 30 5 2 . 25 2 Fast Attach 30 | 2 4 1 9 . 2 . 10 2 Attach 37 | 4 2 1 9 . . . 15 6 Detach 5 | . . . 1 . . . 3 1 Swap 62 | 1 6 11 14 6 2 . 20 2 Drop 113 | . 9 7 36 4 7 . 35 15 Fire 347 | . 54 37 105 26 . 6 119 . Melee 6 | . . . . . . . . 6 Ram . | . . . . . . . . . Kick . | . . . . . . . . . Crush . | . . . . . . . . . Escape Stasis . | . . . . . . . . . Rewire . | . . . . . . . . . Trap . | . . . . . . . . . Miscellaneous . | . . . . . . . . . Route ------- -11/Scrapyard -10/Materials (discovered 5 exits: *Mat x3 / *Min x2) -10/Mines (discovered 2 exits: *Mat x2) -9/Materials (discovered 4 exits: *Mat x2 / *Min x2) -9/Mines (discovered 3 exits: *Mat x2 / *Exi) -9/Exiles -8/Mines -8/Materials (discovered 3 exits: *Fac x3) -7/Factory History --------- Turn | Location | Event 9 | -11/Scrapyard | Discovered new exit (range 16) 62 | -11/Scrapyard | Entered Materials 246 | -10/Materials | Discovered new exit (range 11) 319 | -10/Materials | Build established: Mutant 479 | -10/Materials | Discovered new exit (range 5) 544 | -10/Materials | Repaired Imp. Aluminum Leg 616 | -10/Materials | Discovered new exit (range 5) 762 | -10/Materials | Discovered new exit (range 16) 1008 | -10/Materials | Discovered new exit (range 16) 1144 | -10/Materials | Entered Mines 1226 | -10/Mines | Assembled infested the area 1231 | -10/Mines | Assisted by a Guerilla fighting off Assembled 1378 | -10/Mines | Core integrity fell below 50% 1516 | -10/Mines | Learned Materials trap positions 1668 | -10/Mines | Discovered new exit (range 10) 1719 | -10/Mines | Learned location of Zion (-7) 2129 | -10/Mines | Discovered new exit (range 6) 2171 | -10/Mines | Entered Materials 2171 | -9/Materials | Evolved 2 slots: Propulsion x1, Utility x1 2172 | -9/Materials | Loaded intel: 13 trap records 2628 | -9/Materials | Destroyed 7 combat bots 2978 | -9/Materials | Discovered new exit (range 7) 3520 | -9/Materials | Discovered new exit (range 16) 3530 | -9/Materials | Identified exit to Mines 3558 | -9/Materials | Build established: Hauler-Mutant 3763 | -9/Materials | Entered Mines 3887 | -9/Mines | Discovered new exit (range 7) 3892 | -9/Mines | Found a hidden stash of uninstalled traps 4036 | -9/Mines | Deemed a non-threat by the Exiles lab entrance 4036 | -9/Mines | Discovered new exit (range 5) 4281 | -9/Mines | Learned location of Storage (-7) 4297 | -9/Mines | Discovered new exit (range 6) 4333 | -9/Mines | Learned location of 1 exit from Materials 4431 | -9/Mines | Entered Exiles 4431 | -9/Exiles | Accompanied by 1 ally 4458 | -9/Exiles | Met 8R-AWN 4461 | -9/Exiles | Led the pair of lost Derelicts to a safe place 4478 | -9/Exiles | Met EX-HEX 4508 | -9/Exiles | Met EX-BIN 4522 | -9/Exiles | Aligned with FarCom system 4523 | -9/Exiles | Given EX-Vault access code 4548 | -9/Exiles | Opened EX-Vault 4559 | -9/Exiles | Found Flying Fortress v7 4564 | -9/Exiles | Found Potential Leg 4567 | -9/Exiles | Found Potential Leg 4574 | -9/Exiles | Found Supersonic Drone Bay 4600 | -9/Exiles | Warned to stay clear of 0b10 Research branches 4631 | -9/Exiles | Met EX-DEC 4674 | -9/Exiles | Discovered new exit (range 10) 4683 | -9/Exiles | Stole three prototypes: Potential Leg, Flying Fortress v7, Supersonic Drone Bay 4683 | -9/Exiles | Entered Mines 4934 | -8/Mines | Discovered new exit (range 8) 4942 | -8/Mines | Entered Materials 4942 | -8/Materials | Evolved 2 slots: Propulsion x1, Utility x1 4943 | -8/Materials | Identified exit to Factory 5571 | -8/Materials | Lost 3 parts (1p2n) 5637 | -8/Materials | Discovered exit to Factory (range 4) 7766 | -8/Materials | Entered Factory 7766 | -7/Factory | Evolved 2 slots: Power x1, Utility x1 7768 | -7/Factory | FarCom data flow suspended 7924 | -7/Factory | Self-destructed Last Messages --------------- 07790_ K-01 Serf cleans the Matter Pump. 07793_ K-01 Serf pushes Y-54 Guardian. 07794_ T-07 Excavator is excavating. 07794_ K-01 Serf pushes Y-54 Guardian. 07798_ T-07 Excavator is excavating. 07813_ U-05 Engineer lays Concrete. 07815_ U-05 Engineer builds a Wall. 07820_ Sneak attack on K-01 Serf. 07820_ Jacked K-01 Serf... >>find_chute Pinpointed chute assignment: (135,123). 07829_ Dropped Lgt. Nuclear Core. 07830_ Acquired Lgt. Deuterium Engine. 07834_ Dropped Lgt. Deuterium Engine. 07835_ Acquired Lgt. Deuterium Engine. 07895_ U-05 Engineer builds a Wall. 07898_ K-01 Serf collects debris. 07913_ ALERT: Hostiles spotted, dispatching reinforcements to Terminal F006. 07923_ Aerolev Unit destroyed. Map ----- +----------------------------------------------------+ | ???????????????? ##### ^ #?"" #?????# | | ??????????????? # """ #????## | | ??????????????? # """ #???##" | | ??????????????? + """ ####### | | ??????????????????????## # # | | ???????????????????????######## # # | | ??????????????????????????????# ######## | | ??????????????????????????????# # | | ??????????????????????????????# # """" | | ??????????????????????????????# # """" | | ??????????????????????????????# + """" | | ??????????????????????????????# # """" | | ?????????????????????????????######## # | | ????????????????????????????? ?# ####### | | ?????????????????????????????" """ ?# #????# | | ?????????????????????????????" """ # ###### | | ?????????????????????????# """ """ # | | ?????????????????????????# + | | ?????????????????????????# """ """ # | | ?????????????????????????????" """ # | | ?????????????????????#???????" """ ?# """" """" | | ?????????????????????# ?????? ?# """" """" | | ?????????????????????# ############## """" """" | | ???????????????????### s | | ????????????????? s """" """" | | ????????????????????????#@ s """" ""?" | | ????????????????????????# """" "??" | | ????????????????????????# ? | | ????????????????????????# ""??? | | ????????????????????????# ""??? | | ????????????????????????# k "F "" ""??? | | ????????????????????????# """"" ??? | | ????????????????????????# """"" ?? | | ????????????????????????#+##################????#? | | ???????????????????????? ??????????????????????? | | ???????????????????????? ??????????????????????? | | ??????????????????????? #?????????????????????? | | ??????????????????????? #?????????????????????? | | ?????????????????????? #?????????????????????? | | ?????????????????????? #?????????????????????? | | ?????????????????????" #?????????????????????? | | ?????????????????????" #?????????????????????? | | ???????????????????? #?????????????????????? | | ????????????????????###+####?????????????????????? | | ?????????????????????????????????????????????????? | | ?????????????????????????????????????????????????? | | ?????????????????????????????????????????????????? | | ?????????????????????????????????????????????????? | | ?????????????????????????????????????????????????? | | ?????????????????????????????????????????????????? | +----------------------------------------------------+ Best States ------------- Heat Dissipation 45 Energy Generation 23 Energy Capacity 280 Matter Stores 300 Matter Capacity 300 Sight Range 16 Terrain Scan Density 10 Armor Coverage 150 Evasion (%) 57 Recoil Reduction 4 Offensive Hacking 20 Item Schematics ----------------- Aerolev Unit | -8/Materials | Scanalyzed Adv. Sensor Array | -8/Materials | Hacked Robot Schematics ------------------ None Fabricated ------------ Nothing Alien Tech Used ----------------- None Achievements -------------- None Challenges ------------ None Game ------ Seed PulsePropulsionChainsword Manual? 0 Play Time 01:16:15 Cumulative 730.4 hours Start 2020.04.19 @ 15:39:30 End 2020.04.19 @ 17:00:13 Sessions 1 Manual Loads 0 Difficulty Rogue Special Mode None Game No. 394 Rogue 394 Adventurer 0 Explorer 0 Win Type - Total 60 Types 34/3/13/6/1/1/2 Lore% 90 Gallery% 88 Achievement% 75 Wizard Run 0 Options --------- ASCII 0 Keyboard 0 Movement Mouse Keybinds 0 Fullscreen 0 Font 24/Smallcaps Map View 76x50 Tactical HUD 1 Map Filters NONE Filters NONE Steam 0 RUN: 1ef375e4-eec1-4af9-a83b-3fb3b931b2b5